 Dungeon Crawl Stone Soup version 0.30.1-4-g462c640d31 (webtiles) character file.

Game seed: 17000486615956899402

1505 Nick1 the Shield-Bearer (level 9, -11/68 HPs)
             Began as a Formicid Fighter on Sept 16, 2023.
             Was a Follower of Okawaru.
             Mangled by an ogre
             ... wielding a +0 giant club
              (20 damage)
             ... on level 7 of the Dungeon.
             The game lasted 00:23:44 (4803 turns).

Nick1 the Shield-Bearer (Formicid Fighter)          Turns: 4803, Time: 00:23:45

Health: -11/68     AC: 12    Str: 30    XL:     9   Next: 8%
Magic:  10/10      EV:  8    Int: 12    God:    Okawaru [*.....]
Gold:   205        SH: 10    Dex: 15    Spells: 8/8 levels left

rFire   . . .        a - +0 war axe
rCold   + . .        i - +0 kite shield
rNeg    + . .        j - +0 chain mail
rPois   .            (helmet unavailable)
rElec   .            (no cloak)
rCorr   .            s - +1 pair of gloves
SInv    +            (no boots)
Will    .....        n - amulet of regeneration Stlth
                     l - ring of Tonofu Ypogh {*Corrode rC+ Str+6 Int+3 Dex+2}
HPRegen 1.11/turn    G - ring of positive energy
MPRegen 0.12/turn

%: corrode self (3%)
@: mighty, lethally poisoned (-11 -> -17)
A: permanent stasis, dig shafts and tunnels, antennae 3, four strong arms
a: Dig, Shaft Self, Renounce Religion, Heroism


You were on level 7 of the Dungeon.
You worshipped Okawaru.
Okawaru was aware of your devotion.
You visited 2 branches of the dungeon, and saw 8 of its levels.

You collected 205 gold pieces.

Inventory:

Hand Weapons
 a - a +0 war axe (weapon)
 p - a +0 scythe
Missiles
 I - 2 boomerangs (quivered)
 J - a throwing net
Armour
 b - a +0 scale mail
 c - a +0 buckler
 i - a +0 kite shield (worn)
 j - a +0 chain mail (worn)
 s - a +1 pair of gloves (worn)
Jewellery
 l - the ring of Tonofu Ypogh (left hand) {*Corrode rC+ Str+6 Int+3 Dex+2}
   (You found it on level 2 of the Dungeon)

   [ring of strength]

   Str:       It affects your strength (+6).
   Int:       It affects your intelligence (+3).
   Dex:       It affects your dexterity (+2).
   rC:        It protects you from cold.
   *Corrode:  It may corrode you when you take damage.
 n - an amulet of regeneration (around neck)
 C - a ring of protection from fire
 G - a ring of positive energy (right hand)
 H - a +6 ring of intelligence
Wands
 f - a wand of quicksilver (7)
Scrolls
 e - a scroll of silence {unknown}
 h - 3 scrolls of enchant armour
 t - a scroll of poison {unknown}
 v - a scroll of amnesia {unknown}
 w - a scroll of fog {unknown}
 y - 2 scrolls of noise {unknown}
 z - a scroll of vulnerability {unknown}
 A - a scroll of magic mapping
 B - a scroll of summoning {unknown}
Potions
 g - a potion of ambrosia
 k - 2 potions of invisibility
 m - 2 potions of resistance {unknown}
 o - 2 potions of lignification {unknown}
 q - 4 potions of attraction
 r - 4 potions of curing
 u - a potion of flight {unknown}
 x - 3 potions of brilliance {unknown}
 D - a potion of magic {unknown}
 E - a potion of degeneration {unknown}
 F - a potion of cancellation {unknown}
 K - a potion of heal wounds {unknown}


   Skills:
 * Level 5.1 Fighting
 * Level 6.4 Axes
 + Level 3.4 Throwing
 * Level 6.1 Armour
 + Level 0.6 Dodging
 * Level 6.8 Shields
 * Level 2.6 Invocations
 + Level 0.2 Evocations


You had 8 spell levels left.
You didn't know any spells.
Your spell library contained the following spells:

 Spells                   Type           Power      Damage    Failure   Level
 Sandblast                Erth           0%         2d4       91%         1
 Passwall                 Tmut/Erth      0%         N/A       97%         2
 Stone Arrow              Conj/Erth      0%         3d7       100%        3


Dungeon Overview and Level Annotations

Branches:
Dungeon (7/15)             Temple (1/1) D:4

Altars:
Cheibriados
Dithmenos
Elyvilon
Fedhas
Gozag
Kikubaaqudgha
Makhleb
Nemelex Xobeh
Okawaru
Qazlal
Ru
Sif Muna
Trog
Uskayaw
Vehumet
Xom
Yredelemnul
Zin
The Shining One

Shops:
D:1 ?

Annotations:
D:3 1 runed translucent door
D:5 3 runed translucent doors, GrumpyGrim72's ghost, novice DrCj; bairyn's ghost, novice TrFi


Innate Abilities, Weirdness & Mutations

You cannot be hasted, slowed, berserked, paralysed or teleported.
You can dig through walls and to a lower floor.
You have a pair of large antennae on your head. (SInv)
Your four strong arms can wield two-handed weapons with a shield.


Message History

You are poisoned.
You block the gnoll's attack.
The orc warrior hits you from afar with a +0 glaive!
You block the gnoll's attack.
An orc comes into view. It is wielding a +0 club.
You feel very sick.
The orc shouts! x2; The orc priest shouts!
The gnoll hits you but does no damage.
The orc throws a stone.
The stone hits you but does no damage. You block the orc warrior's attack.
You block the gnoll's attack.
You see here a +0 halberd of flaming.
You feel very mighty all of a sudden.
You feel very sick.
The gnoll is no longer moving quickly.
The gnoll hits you but does no damage.
The orc warrior hits you with a +0 glaive.
The gnoll hits you but does no damage.
You are more poisoned.
You slash the orc warrior!
The orc warrior is moderately wounded.
You slash the gnoll! You slash the orc!
You kill the orc!
Okawaru accepts your kill.
You slice the ogre!! You slash the gnoll!
You kill the gnoll!
Okawaru accepts your kill.
You feel very sick. The ogre hits you with a +0 giant club!
The orc warrior hits you but does no damage.
The gnoll hits you but does no damage.
You are more poisoned.
You barely miss the orc warrior.
The orc warrior is moderately wounded.
You hit the ogre. You slash the gnoll!
You kill the gnoll!
Okawaru accepts your kill.
You feel very sick.
The orc warrior hits you with a +0 glaive!
* * * LOW HITPOINT WARNING * * *
The ogre hits you with a +0 giant club!!
You die...

)..........########
............)))....#
.............#####.#
.............#...#.#
..<.......>....# #.#
........)...####.#.#
..........)......#.#
......o).)..######.#
....o.o@))..# #.#
....o.O.....# #.#
............# #.#
.....)......# #.#
...........)# #.#
............# #.#
............# #.#
............# #.#
........# #.#


You could see an orc warrior, an ogre, an orc priest and 2 orcs.

Vanquished Creatures
  Grinder (D:3)
  Sigmund (D:2)
  Menkaure (D:6)
  A water moccasin (D:5)
  2 black bears
  A centaur (D:6)
  A howler monkey (D:5)
  An orc priest (D:6)
  A hound (D:6)
  A jelly (D:6)
  2 gnoll boudas (D:7)
  A human skeleton (D:3)
  2 iguanas
  4 orc wizards
  9 adders
  11 gnolls
  A white imp (D:5)
  2 worms
  2 dart slugs (D:4)
  16 orcs
  6 endoplasms
  4 giant cockroaches
  4 goblins
  8 hobgoblins
  A jackal (D:3)
  4 quokkas
  4 ball pythons
  11 bats
  5 frilled lizards
  A goblin skeleton (D:3)
  6 kobolds
  5 rats
120 creatures vanquished.

Notes
Turn   | Place    | Note
-------+----------+-------------------------------------------
     0 | D:1      | Nick1 the Formicid Fighter began the quest for the Orb.
     0 | D:1      | Reached XP level 1. HP: 18/18 MP: 1/1
   219 | D:1      | Reached XP level 2. HP: 24/24 MP: 2/2
   440 | D:1      | Found Nufraata's Magic Scroll Emporium.
   641 | D:1      | Reached XP level 3. HP: 29/29 MP: 3/3
  1167 | D:2      | Identified the ring of Tonofu Ypogh {*Corrode rC+ Str+6
                  | Int+3 Dex+2}
  1298 | D:2      | Found a radiant altar of Vehumet.
  1399 | D:2      | Reached XP level 4. HP: 35/35 MP: 4/4
  1550 | D:2      | Noticed Sigmund
  1572 | D:2      | Killed Sigmund
  1573 | D:2      | Reached skill level 1 in Throwing
  1573 | D:2      | Reached XP level 5. HP: 42/42 MP: 5/5
  1573 | D:2      | Reached XP level 6. HP: 48/48 MP: 6/6
  1886 | D:3      | Reached skill level 5 in Shields
  1894 | D:3      | Noticed Grinder
  1897 | D:3      | Killed Grinder
  1898 | D:3      | Reached skill level 5 in Armour
  1898 | D:3      | Reached XP level 7. HP: 54/54 MP: 7/7
  2417 | D:3      | Found a runed translucent door.
  2417 | D:3      | Noticed a human
  2419 | D:3      | Found a basalt altar of Yredelemnul.
  2734 | D:4      | Found a staircase to the Ecumenical Temple.
  2754 | Temple   | Entered the Ecumenical Temple
  2850 | Temple   | Became a worshipper of Warmaster Okawaru
  3158 | D:5      | Entered Level 5 of the Dungeon
  3287 | D:5      | Reached skill level 1 in Invocations
  3287 | D:5      | Reached XP level 8. HP: 61/61 MP: 8/8
  3334 | D:5      | Reached skill level 5 in Axes
  3489 | D:5      | Found a shimmering altar of Xom.
  3535 | D:5      | Found a runed translucent gate.
  3535 | D:5      | Found a runed translucent gate.
  3535 | D:5      | Found a runed translucent gate.
  3537 | D:5      | Noticed bairyn's ghost (novice TrFi)
  3537 | D:5      | Noticed GrumpyGrim72's ghost (novice DrCj)
  3610 | D:5      | Found an opulent altar of Gozag.
  4078 | D:6      | Reached * piety under Okawaru
  4176 | D:6      | Noticed Menkaure
  4181 | D:6      | You fall into a shaft and drop 1 floor!
  4602 | D:6      | Killed Menkaure
  4760 | D:7      | Reached skill level 5 in Fighting
  4767 | D:7      | Reached XP level 9. HP: 65/68 MP: 10/10
  4803 | D:7      | Mangled by an ogre

Illustrated notes

Levels and vault maps discovered:
D:1:      nzn_arrival_water_spiral, layout_basic, serial_shops, shop,
          serial_forest, infiniplex_forest_end_2, infiniplex_forest_corner_1,
          infiniplex_forest_end_2, infiniplex_forest_end_3,
          minmay_strange_pillars
D:2:      layout_basic, basic_altar, uniq_sigmund
D:3:      minmay_skewed_foursquare, layout_loops_ring, dk_yredelemnul_ordeal,
          kennysheep_generic_room_3, uniq_grinder
D:4:      layout_basic, minmay_temple_entry_drinking_statues
D:5:      layout_gridville, gammafunk_ghost_cemetery, hangedman_feature_mirror
D:6:      layout_basic, uniq_menkaure
D:7:      layout_basic
Temple:   minmay_temple_bridge_d

Skill      XL: |  1  2  3  4  5  6  7  8 |
---------------+-------------------------+-----
Axes           | 3 4 6 |  6.4
Throwing       | 1 2 3 |  3.4
Armour         | 4 5 6 |  6.1
Shields        | 5 6 |  6.8
Fighting       | 4 5 |  5.1
Invocations    | 1 2 |  2.6
Dodging        | |  0.6
Evocations     | |  0.2

Action                     |  1- 3 |  4- 6 |  7- 9 || total
---------------------------+-------+-------+-------++-------
  Melee: War axe           |    69 |    24 |   180 ||   273
  Throw: Javelin           |    41 |    12 |    43 ||    96
         Boomerang         |       |       |    18 ||    18
Ability: Shaft Self        |       |       |     1 ||     1
  Evoke: Wand              |       |     3 |       ||     3
    Use: Scroll            |       |     2 |     7 ||     9
         Potion            |       |       |     1 ||     1
 Armour: Scale mail        |    24 |     6 |     7 ||    37
         Chain mail        |       |       |   108 ||   108
  Dodge: Dodged            |    27 |    12 |    70 ||   109
  Block: Buckler           |     4 |       |       ||     4
         Kite shield       |    44 |     3 |   113 ||   160
